 Dungeon Sprint DCSS version 0.28-a0-1130-gc51a68064b (webtiles) character file.

Game seed: 4726336316125923933

344 rocky1 the Combatant (level 6, -2/47 HPs)
             Began as a Demonspawn Fighter on Dec 13, 2021.
             Was a Follower of Okawaru.
             Slain by a mummy (14 damage)
             ... in the Dungeon (Sprint VII: "The Pits").
             The game lasted 00:02:47 (848 turns).

rocky1 the Combatant (Demonspawn Fighter)            Turns: 848, Time: 00:02:48

Health: -2/47      AC:  8    Str: 19    XL:     6   Next: 31%
Magic:  12/12      EV: 15    Int:  9    God:    Okawaru [*.....]
Gold:   0          SH:  5    Dex: 12    Spells: 5/5 levels left

rFire   . . .      SeeInvis .   b - +1 hand axe (freeze)
rCold   . . .      Faith    .   c - +0 buckler
rNeg    . . .      Spirit   .   n - +3 ring mail
rPois   .          Reflect  .   (no helmet)
rElec   .          Harm     .   (no cloak)
rCorr   .          Rampage  .   (no gloves)
Will    .....      NoTele   +   (no boots)
Stlth   +.........              (no amulet)
HPRegen 0.15/turn               (no ring)
MPRegen 0.13/turn               (no ring)

@: agile
A: powered by pain 1, demonic magic 1
a: Renounce Religion, Heroism


You were in the Dungeon.
You worshipped Okawaru.
Okawaru was aware of your devotion.
You visited 1 branch

Inventory:

Hand Weapons
 a - a +0 long sword of flaming
 b - a +1 hand axe of freezing (weapon)
Missiles
 m - 12 poisoned darts (quivered)
Armour
 c - a +0 buckler (worn)
 n - a +3 ring mail (worn)
Scrolls
 j - a scroll of blinking
 l - 5 scrolls of amnesia
Potions
 d - a potion of might
 e - 6 potions of curing
 f - 6 potions of heal wounds
 g - a potion of haste
 h - 4 potions of magic
 i - 2 potions of berserk rage
 k - 2 potions of invisibility


   Skills:
 - Level 3.0 Fighting
 + Level 8.5 Axes
 - Level 2.6 Armour
 - Level 7.4 Shields
 - Level 8.5 Invocations


You had 5 spell levels left.
You didn't know any spells.
Your spell library was empty.

Dungeon Overview and Level Annotations

Branches:
Dungeon (1/1)

Altars:
Ashenzari
Cheibriados
Dithmenos
Elyvilon
Fedhas
Gozag
Hepliaklqana
Kikubaaqudgha
Makhleb
Nemelex Xobeh
Okawaru
Qazlal
Ru
Sif Muna
Trog
Uskayaw
Vehumet
Wu Jian
Xom
Yredelemnul
Zin
The Shining One
Beogh
Jiyva
Lugonu


Innate Abilities, Weirdness & Mutations

You sometimes gain a little power by taking damage.
Spells you cast may paralyse adjacent enemies.


Message History

a +0 dagger; 7 poisoned darts; a kobold corpse
Things that are here:
a +0 dagger; 7 poisoned darts; a kobold corpse
Things that are here:
a +0 dagger; 7 poisoned darts; a kobold corpse
m - 7 poisoned darts You see here a +0 whip.
Things that are here:
a +0 giant club; an ogre skeleton
There is an open door, spattered with blood here.
m - 12 poisoned darts (gained 5)
Things that are here:
a +0 short sword; a kobold skeleton
There is an open door, spattered with blood here.
Things that are here:
a +0 giant club; an ogre skeleton You open the door.
A mummy comes into view.
The mummy hits you!
You focus on the pain.
You feel agile all of a sudden.
There is an open door, spattered with blood here.
You hit the mummy but do no damage. You completely miss the mummy.
The mummy completely misses you.
You hit the mummy. You freeze the mummy.
The mummy is moderately damaged.
You hit the mummy but do no damage.
The mummy is moderately damaged.
The mummy hits you!
* * * LOW HITPOINT WARNING * * *
You barely miss the mummy.
The mummy is moderately damaged.
You hit the mummy.
The mummy is moderately damaged.
The mummy misses you.
You hit the mummy but do no damage.
The mummy is moderately damaged.
You hit the mummy. You freeze the mummy.
The mummy is heavily damaged.
The mummy hits you!
You die...

#)#..#[))).##.......#
#'###########.......#
#)......# #########
#..###..# #.......#
##.###.## #..)....#
#..###..#+#
#..)....@M#
###########


You could see a mummy.

Vanquished Creatures
  A floating eye (D)
  An ogre (D)
  2 kobold brigands (D)
  An adder (D)
  An adder zombie (D)
  2 bat skeletons (D)
  A giant cockroach (D)
  A hobgoblin (D)
  A kobold (D)
  A ball python (D)
  A bat (D)
  2 frilled lizards (D)
15 creatures vanquished.

Notes
Turn   | Place    | Note
-------+----------+-------------------------------------------
     0 | D        | rocky1 the Demonspawn Fighter began the quest for the Orb.
     0 | D        | Reached XP level 1. HP: 18/18 MP: 1/1
    18 | D        | Gained mutation: Spells you cast may paralyse adjacent
                  | enemies. [demonic ancestry]
    18 | D        | Reached XP level 2. HP: 13/24 MP: 2/2
   272 | D        | Found a bloodstained altar of Trog.
   272 | D        | Found a shimmering blue altar of Sif Muna.
   272 | D        | Found a viscous altar of Jiyva.
   272 | D        | Found a hazy altar of Hepliaklqana.
   272 | D        | Found an opulent altar of Gozag.
   273 | D        | Found a basalt altar of Yredelemnul.
   273 | D        | Found a shimmering altar of Xom.
   273 | D        | Found an ornate altar of the Wu Jian Council.
   273 | D        | Found a sacrificial altar of Ru.
   273 | D        | Found a stormy altar of Qazlal.
   273 | D        | Found an iron altar of Okawaru.
   273 | D        | Found a sparkling altar of Nemelex Xobeh.
   273 | D        | Found a burning altar of Makhleb.
   273 | D        | Found a blossoming altar of Fedhas.
   273 | D        | Found a shadowy altar of Dithmenos.
   273 | D        | Found a snail-covered altar of Cheibriados.
   275 | D        | Found a radiant altar of Vehumet.
   275 | D        | Found a corrupted altar of Lugonu.
   276 | D        | Found a hide-covered altar of Uskayaw.
   276 | D        | Found an ancient bone altar of Kikubaaqudgha.
   276 | D        | Found a broken altar of Ashenzari.
   281 | D        | Became a worshipper of Warmaster Okawaru
   414 | D        | Reached skill level 1 in Invocations
   493 | D        | Noticed an ogre
   494 | D        | Noticed a kobold brigand
   496 | D        | Noticed a floating eye
   503 | D        | Killed a kobold brigand
   504 | D        | Reached skill level 5 in Axes
   504 | D        | Reached skill level 5 in Shields
   504 | D        | Reached XP level 3. HP: 29/29 MP: 3/6
   504 | D        | Reached XP level 4. HP: 35/35 MP: 3/7
   505 | D        | Killed a floating eye
   505 | D        | Reached * piety under Okawaru
   506 | D        | Reached XP level 5. HP: 41/41 MP: 3/10
   509 | D        | Killed an ogre
   510 | D        | Gained mutation: You sometimes gain a little power by
                  | taking damage. [demonic ancestry]
   510 | D        | Reached XP level 6. HP: 47/47 MP: 3/12
   848 | D        | Slain by a mummy

Illustrated notes

Levels and vault maps discovered:
D:        pitsprint [storerooms_1, entrance_room_1, metal_vault_5, armoury_2,
          mini_pit_1, grid_room_1, main_hall_1, silver_pit, the_coven_1,
          the_vestibule_1, steel_vault_2, golden_pit, hallway_of_sentries,
          crystal_vault_4, iron_vault_1, final_vault]

Skill      XL: |  1  2  3  4  5  6 |
---------------+-------------------+-----
Axes           | 3 5 6 7 8 |  8.5
Shields        | 3 5 6 7 |  7.4
Invocations    | 4 7 8 |  8.5
Fighting       | |  3.0
Armour         | |  2.6

Action                   |  1- 3 |  4- 6 || total
-------------------------+-------+-------++-------
Melee: War axe           |    24 |       ||    24
       Hand axe          |     6 |    28 ||    34
  Use: Potion            |     1 |       ||     1
Armor: Scale mail        |    15 |       ||    15
       Ring mail         |     4 |     4 ||     8
Dodge: Dodged            |    28 |     5 ||    33
Block: Buckler           |     4 |     2 ||     6

Table legend: (Time is in decaauts)
 A = Elapsed time spent in this place.
 B = Non-inter-level travel time spent in this place.
 C = Inter-level travel time spent in this place.
 D = Time resting spent in this place.
 E = Time spent auto-exploring this place.
 F = Levels seen in this place.
 G = Mean time per level.
                   A        B        C        D        E       F      G
               +--------+--------+--------+--------+--------+-----+--------+
         Total |    860 |    860 |      0 |    584 |      0 |   1 |  860.0 |
       Dungeon |    860 |    860 |      0 |    584 |      0 |   1 |  860.0 |
               +--------+--------+--------+--------+--------+-----+--------+

Top non-repeatable levels by time:
       D: 860 daAuts
